 Dungeon Crawl Stone Soup version 0.29.1-15-g9cfb28693d (webtiles) character file.

Game seed: 15092405731435892407

11858 Danienth the Reanimator (level 11, -17/68 HPs)
             Began as a Demonspawn Necromancer on Apr 7, 2023.
             Was a Priest of Sif Muna.
             Killed by the air
             ... invoked by Gastronok
              (40 damage)
             ... on level 2 of the Lair of Beasts.
             The game lasted 01:39:21 (12550 turns).

Danienth the Reanimator (Demonspawn Necromancer)   Turns: 12550, Time: 01:39:24

Health: -17/68     AC:  4    Str: 14    XL:     11   Next: 54%
Magic:  10/20      EV: 16    Int: 21    God:    Sif Muna [***...]
Gold:   585        SH:  0    Dex: 20    Spells: 1/23 levels left

rFire   . . .      SeeInvis .   e - +10 whip of Day {venom, Str+2}
rCold   . . .      Faith    +   (no shield)
rNeg    + + +      Spirit   .   H - +2 robe {rN+}
rPois   .          Reflect  .   (helmet restricted)
rElec   .          Harm     .   (no cloak)
rCorr   .          Rampage  .   (no gloves)
Will    +....      Rage     3%  (no boots)
Stlth   ++++......              E - amulet of faith
HPRegen 0.21/turn               x - ring of Tesulor {rN++ Will+ Str+4}
MPRegen 0.17/turn               W - +6 ring of dexterity

@: animating dead (expiring)
A: claws 2, hooves 1, powered by death 1, spiny 2, weakness stinger 2, horns 1,
berserk 1
a: Renounce Religion, Channel Magic, Forget Spell


You were on level 2 of the Lair of Beasts.
You worshipped Sif Muna.
Sif Muna was most pleased with you.
You visited 3 branches of the dungeon, and saw 11 of its levels.
You also visited: Sewer.

You collected 585 gold pieces.

Inventory:

Hand Weapons
 b - the +2 morningstar "Lociel Diegy" {antimagic, rN+}
   (You found it on level 7 of the Dungeon)

   It reduces the magical energy of the wielder, and disrupts the spells and
   magical abilities of those it strikes.
   Natural abilities and divine invocations are not affected.
   rN:        It protects you from negative energy.
 e - the +10 whip of Day (weapon) {venom, Str+2}
   (You found it on level 4 of the Dungeon)

   It poisons the flesh of those it strikes.
   Str:       It affects your strength (+2).
 i - a +3 dagger of draining
 y - the +1 long sword of the Harvest {vorpal, rElec rF+ Str+3 Int-2}
   (You found it on level 4 of the Dungeon)

   It inflicts extra damage upon your enemies.
   Str:       It affects your strength (+3).
   Int:       It affects your intelligence (-2).
   rF:        It protects you from fire.
   rElec:     It insulates you from electricity.
 Q - a +2 spectral quarterstaff
Missiles
 d - a throwing net
 G - 2 curare-tipped darts
 Y - 14 poisoned darts (quivered)
Armour
 a - a +2 robe
 H - a +2 robe of positive energy (worn)
 Z - the +1 leather armour "Archop" {rF- MP+9 Str-5 Dex+8}
   (You found it on level 1 of the Lair of Beasts)

   Str:       It affects your strength (-5).
   Dex:       It affects your dexterity (+8).
   rF:        It makes you vulnerable to fire.
   MP:        It affects your magic capacity (+9).
Magical Staves
 h - a staff of air
 C - a staff of earth
 K - a staff of fire
Jewellery
 f - a ring of see invisible
 l - an amulet of regeneration
 p - a +4 ring of slaying
 v - a +6 ring of strength
 w - a +4 ring of evasion
 x - the ring of Tesulor (left claw) {rN++ Will+ Str+4}
   (You found it on level 8 of the Dungeon)

   [ring of willpower]

   Str:       It affects your strength (+4).
   rN:        It greatly protects you from negative energy.
   Will:      It increases your willpower.
 A - a +4 ring of evasion
 E - an amulet of faith (around neck)
 W - a +6 ring of dexterity (right claw)
Wands
 c - a wand of charming (15)
 m - a wand of acid (12)
 D - a wand of digging (9)
 L - a wand of mindburst (11)
 N - a wand of flame (2)
 P - a wand of iceblast (10)
Scrolls
 g - a scroll of enchant armour
 j - a scroll of butterflies
 k - 3 scrolls of enchant weapon
 n - 3 scrolls of vulnerability
 q - 2 scrolls of teleportation
 z - 4 scrolls of immolation
 I - 2 scrolls of summoning
 M - 2 scrolls of poison
 X - 2 scrolls of blinking
Potions
 o - 3 potions of lignification
 r - 3 potions of attraction
 s - a potion of might {unknown}
 t - a potion of experience {unknown}
 u - 3 potions of haste
 B - a potion of brilliance
 F - 2 potions of flight
 R - a potion of invisibility {unknown}
 V - a potion of magic


   Skills:
 - Level 1.7 Short Blades
 * Level 8.1 Maces & Flails
 + Level 6.3 Dodging
 + Level 6.8 Stealth
 + Level 6.5 Spellcasting
 + Level 8.5 Necromancy
 + Level 5.6 Air Magic
 + Level 6.4 Evocations


You had one spell level left.
You knew the following spells:

 Your Spells              Type           Power      Damage    Failure   Level
a - Necrotise             Necr           100%       1d9       1%          1
b - Vampiric Draining     Necr           42%        2d9       1%          3
c - Animate Dead          Necr           42%        N/A       2%          4
d - Magic Dart            Conj           24%        1d4       10%         1
e - Summon Small Mammal   Summ           24%        N/A       10%         1
f - Call Imp              Summ           6%         N/A       14%         2
g - Mephitic Cloud        Conj/Pois/Air  14%        N/A       13%         3
h - Blink                 Tloc           12%        N/A       14%         2
i - Agony                 Necr           42%        N/A       8%          5

Your spell library contained the following spells:

 Spells                   Type           Power      Damage    Failure   Level
 Sublimation of Blood     Necr           42%        N/A       1%          2
 Call Canine Familiar     Summ           6%         N/A       28%         3
 Inner Flame              Hex/Fire       6%         N/A       28%         3
 Lesser Beckoning         Tloc           6%         N/A       28%         3
 Summon Guardian Golem    Hex/Summ       6%         N/A       28%         3
 Tukima's Dance           Hex            6%         N/A       28%         3
 Cause Fear               Hex            3%         N/A       67%         4
 Passage of Golubria      Tloc           6%         N/A       67%         4
 Petrify                  Tmut/Erth      6%         N/A       67%         4
 Irradiate                Conj/Tmut      3%         3d12      95%         5
 Manifold Assault         Tloc           6%         N/A       95%         5
 Yara's Violent Unravell  Hex/Tmut       3%         3d4       95%         5
 Discord                  Hex            3%         N/A       100%        8


Dungeon Overview and Level Annotations

Branches:
Dungeon (8/15)             Temple (1/1) D:5            Lair (2/5) D:8
  Sewer (visited)
  Swamp: Lair:2-3    Shoals: Lair:2-3     Snake: Lair:2-3    Spider: Lair:2-3

Altars:
Ashenzari
Cheibriados
Dithmenos
Fedhas
Gozag
Hepliaklqana
Kikubaaqudgha
Makhleb
Nemelex Xobeh
Okawaru
Qazlal
Ru
Sif Muna
Uskayaw
Vehumet
Wu Jian
Xom
Yredelemnul

Shops:
D:5 [

Annotations:
D:4 1 runed translucent door
Lair:2 Gastronok


Innate Abilities, Weirdness & Mutations

You have very sharp fingernails.
You have large cloven feet.
You regenerate a little health from kills.
You are mostly covered in sharp spines.
You have a tail ending in a sharp stinger.
You have a pair of small horns on your head.
You sometimes lose your temper in combat.


Message History

Gastronok the Ponderous comes into view.
He is wearing the +3 hat of Pondering {ponderous, Will+ MP+10 Int+5}.
Found a potion of curing.
You feel sick.
You feel sick.
The helpless Gastronok fails to defend himself.
You whack Gastronok!
Gastronok is poisoned.
You kick Gastronok, but do no damage.
Gastronok is lightly wounded.
You feel sick.
You hit Gastronok. You kick Gastronok, but do no damage.
Gastronok is lightly wounded.
You feel sick.
You whack Gastronok!
Gastronok looks as sick as possible!
You headbutt Gastronok, but do no damage.
Gastronok is lightly wounded.
You feel sick.
You are no longer poisoned.
Gastronok is struck by your spines. Gastronok bites you but does no damage.
You hit Gastronok but do no damage. You headbutt Gastronok.
Gastronok is moderately wounded.
You hit Gastronok.
Gastronok looks as sick as possible!
You headbutt Gastronok, but do no damage.
Gastronok is moderately wounded.
You hit Gastronok.
Gastronok looks as sick as possible!
You kick Gastronok.
Gastronok is moderately wounded.
Gastronok is struck by your spines. Gastronok closely misses you.
You hit Gastronok.
Gastronok looks as sick as possible!
You kick Gastronok. You headbutt Gastronok.
Gastronok is heavily wounded.
You hit Gastronok.
Gastronok looks as sick as possible!
You kick Gastronok, but do no damage.
You headbutt Gastronok, but do no damage.
You tail-slap Gastronok, but do no damage.
Gastronok is heavily wounded.
You whack Gastronok! You kick Gastronok, but do no damage.
Gastronok is severely wounded.
Your reaping aura is weakening.
Gastronok waves his eye-stalks in wide circles.
The air twists around and strikes you!!!
Ouch! That really hurt!
You die...

. ..P. ..
#...## ## ...
.#.....###.
#...#
..........##
.....
...........##
....#
.#..........##
....#
.............##
....#
....!.........#
.....
.......@.......
.....
.......w.......
.....
#.............P
.....
#............##
.....
#...#......###
....
...##.......
... #..
##..##### .. #.
#..# ..


You could see Gastronok (extremely poisoned).

Vanquished Creatures
  Pikel (D:6)
  A deep elf zephyrmancer (D:6)
  A cane toad (Lair:1)
  A komodo dragon (Lair:1)
  3 hornets
  4 polar bears
  4 yaks (D:6)
  2 basilisks
  A wyvern (D:7)
  A steam dragon (D:5)
  A naga (Lair:2)
  6 water moccasins
  The ghost of zeram the Shooter, an amateur SpHu (D:4)
  Duvessa (D:7)
  An orc warrior (D:6)
  2 sky beasts (D:7)
  3 ice beasts
  A black bear (D:7)
  The ghost of CrimsonVi the Slasher, an amateur MiGl of Xom (D:5)
  An ogre (D:4)
  17 wolves
  A centaur (D:7)
  4 kobold brigands
  3 phantoms
  8 bullfrogs
  A necrophage (D:6)
  2 gnoll sergeants
  2 scorpions
  11 killer bees
  An electric eel (Lair:1)
  A howler monkey (D:8)
  A crimson imp (D:6)
  A wolf zombie (Lair:1)
  3 jellies
  5 orc priests
  3 hounds
  A gnoll bouda (D:5)
  2 iguanas
  Natasha (D:2)
  2 orc wizards
  10 gnolls
  6 river rats
  10 adders
  A shadow imp (D:6)
  A white imp (D:7)
  6 worms
  6 dart slugs
  21 orcs
  3 bats
  5 endoplasms
  3 giant cockroaches
  3 hobgoblins
  12 jackals
  14 kobolds
  A quokka (D:3)
  7 ball pythons
  5 frilled lizards
  8 goblins
  10 rats
239 creatures vanquished.

Vanquished Creatures (collateral kills)
  A cane toad (Lair:1)
  2 komodo dragons
  A polar bear (Lair:1)
  2 yaks (D:6)
  A water moccasin (Lair:1)
  A black bear (Lair:1)
  2 wolves (Lair:1)
  A centaur (D:7)
  2 bullfrogs (Lair:1)
  Dowan (D:7)
  A gnoll (D:8)
  An adder (D:6)
  A white imp (D:8)
  An orc (D:7)
  An endoplasm (D:1)
  A giant cockroach (D:1)
20 creatures vanquished.

Vanquished Creatures (others)
  5 wolf zombies
  A bullfrog zombie (D:6)
  A kobold zombie (D:6)
  A killer bee zombie (D:7)
  An ice beast zombie (D:6)
  A naga zombie (Lair:2)
  6 orc zombies
  12 fungi
  21 plants
49 creatures vanquished.

Grand Total: 308 creatures vanquished

Notes
Turn   | Place    | Note
-------+----------+-------------------------------------------
     0 | D:1      | Danienth the Demonspawn Necromancer began the quest for the
                  | Orb.
     0 | D:1      | Reached XP level 1. HP: 13/13 MP: 3/3
   324 | D:1      | Gained mutation: You sometimes lose your temper in combat.
                  | [potion of mutation]
   324 | D:1      | Gained mutation: You have a pair of small horns on your
                  | head. [potion of mutation]
   324 | D:1      | Gained mutation: You have large cloven feet. [potion of
                  | mutation]
   328 | D:1      | Discovered your monstrous ancestry.
   328 | D:1      | Gained mutation: You have a small tail. [demonic ancestry]
   328 | D:1      | Reached XP level 2. HP: 16/19 MP: 3/5
   387 | D:1      | Found a faded altar of an unknown god.
  1168 | D:2      | Gained mutation: You are partially covered in sharp spines.
                  | [demonic ancestry]
  1168 | D:2      | Reached XP level 3. HP: 24/24 MP: 2/6
  1727 | D:2      | Noticed Natasha
  1739 | D:2      | Killed Natasha
  1740 | D:2      | Gained mutation: You have sharp fingernails. [demonic
                  | ancestry]
  1740 | D:2      | Reached XP level 4. HP: 6/30 MP: 0/7
  2581 | D:3      | Reached skill level 1 in Evocations
  2596 | D:3      | Learned a level 3 spell: Vampiric Draining
  2601 | D:3      | Learned a level 4 spell: Animate Dead
  2698 | D:3      | Reached skill level 1 in Short Blades
  3057 | D:4      | Mutation became permanent: You have large cloven feet.
                  | [demonic ancestry]
  3057 | D:4      | Gained mutation: You have large cloven feet. [demonic
                  | ancestry]
  3057 | D:4      | Reached XP level 5. HP: 35/35 MP: 1/9
  3135 | D:4      | Reached skill level 5 in Necromancy
  3175 | D:4      | Found a runed translucent door.
  3177 | D:4      | Noticed zeram's ghost (amateur SpHu)
  3185 | D:4      | Reached skill level 1 in Air Magic
  3197 | D:4      | Killed zeram's ghost
  3198 | D:4      | Gained mutation: You are mostly covered in sharp spines.
                  | [demonic ancestry]
  3198 | D:4      | Reached XP level 6. HP: 41/41 MP: 5/10
  3232 | D:4      | Found a runed translucent door.
  3300 | D:4      | Identified the +10 whip of Day {venom, Str+2}
  3700 | D:4      | Identified the +1 long sword of the Harvest {vorpal, rElec
                  | rF+ Str+3 Int-2}
  3735 | D:4      | Reached skill level 1 in Maces & Flails
  4267 | D:4      | Gained mutation: You have very sharp fingernails. [demonic
                  | ancestry]
  4267 | D:4      | Reached XP level 7. HP: 46/46 MP: 8/11
  4673 | D:5      | Entered Level 5 of the Dungeon
  4736 | D:5      | Found a glowing drain.
  4751 | Sewer    | Entered a sewer
  5857 | D:5      | Gained mutation: You have a tail ending in a sharp stinger.
                  | [demonic ancestry]
  5857 | D:5      | Reached XP level 8. HP: 26/52 MP: 8/13
  5898 | D:5      | Found a staircase to the Ecumenical Temple.
  5925 | Temple   | Entered the Ecumenical Temple
  5925 | Temple   | Noticed a reaper
  5925 | Temple   | Noticed an ice devil
  5926 | Temple   | Noticed Deege the pandemonium lord
  5926 | Temple   | Noticed Sadd the pandemonium lord
  5927 | Temple   | Noticed an Executioner
  5929 | Temple   | Noticed Kidathixt the pandemonium lord
  5929 | Temple   | Noticed a smoke demon
  5930 | Temple   | Noticed a balrug
  5930 | Temple   | Noticed a soul eater
  5954 | Temple   | Noticed an Ice Fiend
  5956 | Temple   | Noticed Xeuxiuh the pandemonium lord
  5965 | Temple   | Noticed a Hell Sentinel
  5966 | Temple   | Noticed Tovif the pandemonium lord
  5986 | Temple   | Noticed Xyas the pandemonium lord
  6356 | D:5      | You fall into a shaft and drop 1 floor!
  6416 | D:6      | Noticed a hornet
  6422 | D:6      | Killed a hornet
  6437 | D:6      | Found a basalt altar of Yredelemnul.
  6438 | D:6      | Found an ornate altar of the Wu Jian Council.
  6443 | D:6      | Found a snail-covered altar of Cheibriados.
  6444 | D:6      | Found a sacrificial altar of Ru.
  6444 | D:6      | Found a shimmering blue altar of Sif Muna.
  6446 | D:6      | Found a shimmering altar of Xom.
  6457 | D:6      | Became a worshipper of Sif Muna the Loreminder
  6597 | D:6      | Gained mutation: You regenerate a little health from kills.
                  | [demonic ancestry]
  6597 | D:6      | Reached XP level 9. HP: 34/57 MP: 10/15
  6608 | D:6      | Reached skill level 5 in Maces & Flails
  6960 | D:6      | Noticed Pikel
  6971 | D:6      | Killed Pikel
  6972 | D:6      | Reached skill level 5 in Stealth
  6972 | D:6      | Reached skill level 5 in Spellcasting
  6981 | D:6      | Noticed a deep elf zephyrmancer
  6991 | D:6      | Your ally Pikel died
  6994 | D:6      | Killed a deep elf zephyrmancer
  6995 | D:6      | Reached skill level 5 in Dodging
  7006 | D:6      | Reached XP level 10. HP: 55/63 MP: 12/17
  7042 | D:6      | Found a burning altar of Makhleb.
  7574 | D:5      | Reached * piety under Sif Muna
  7652 | D:5      | Reached skill level 5 in Evocations
  7807 | D:5      | Found Keregoon's Armour Boutique.
  7900 | D:5      | Found a runed translucent door.
  7900 | D:5      | Noticed CrimsonVi's ghost (amateur MiGl)
  7912 | D:5      | Killed CrimsonVi's ghost
  8419 | D:7      | Noticed Duvessa
  8419 | D:7      | Noticed Dowan
  8429 | D:7      | Killed Duvessa
  8436 | D:7      | Killed Dowan
  8449 | D:7      | Identified the +2 morningstar "Lociel Diegy" {antimagic,
                  | rN+}
  8475 | D:7      | Identified a scroll of acquirement
  8475 | D:7      | Acquired a book of Callings
  8941 | D:7      | Learned a level 1 spell: Necrotise
  8943 | D:7      | Learned a level 1 spell: Magic Dart
  8945 | D:7      | Learned a level 1 spell: Summon Small Mammal
  8948 | D:7      | Learned a level 2 spell: Call Imp
  8952 | D:7      | Learned a level 3 spell: Mephitic Cloud
  9810 | D:8      | Paralysed by a hornet for 2 turns
 10111 | D:8      | Reached ** piety under Sif Muna
 10246 | D:8      | Identified the ring of Tesulor {rN++ Will+ Str+4}
 10271 | D:8      | Found a staircase to the Lair.
 10280 | Lair:1   | Entered Level 1 of the Lair of Beasts
 10291 | Lair:1   | Reached skill level 5 in Air Magic
 10292 | Lair:1   | Noticed a cane toad
 10307 | Lair:1   | Killed a cane toad
 10486 | Lair:1   | Reached XP level 11. HP: 54/68 MP: 20/20
 11196 | Lair:1   | Identified the +1 leather armour "Archop" {rF- MP+9 Str-5
                  | Dex+8}
 11394 | Lair:1   | Learned a level 2 spell: Blink
 11400 | Lair:1   | Learned a level 5 spell: Agony
 11843 | Lair:2   | Reached *** piety under Sif Muna
 12540 | Lair:2   | Noticed Gastronok
 12550 | Lair:2   | Killed from afar by Gastronok

Illustrated notes

Levels and vault maps discovered:
D:1:      lightli_iron_boxes, layout_basic,
          shapermc_ecumenical_altar_starsandcircs, minmay_misc_feat_ornament
D:2:      layout_basic, grunt_ministairs_12, corner_web_ring, minivault_27,
          uniq_natasha
D:3:      layout_rooms
D:4:      layout_layer_cave, mainiacjoe_overflow_chevrons, ebering_ghost_sewer_f
D:5:      layout_rooms, minmay_temple_entry_nine_rooms, portal_sewer_entry_b,
          ebering_ghost_inner_flame, serial_shops,
          nicolae_shop_advertising_works [nicolae_subvault_shop_adworks]
D:6:      layout_layer_cave, makhleb_grotto_becter, minitemple,
          guppyfry_early_elven_hall, uniq_pikel
D:7:      layout_loops_ring, uniq_duvessa
D:8:      layout_basic, lair_entry_dummy, grunt_ministairs_2
Temple:   nicolae_temple_panitentiary
Lair:1:   layout_concentric_octagons, gammafunk_lair_bear_cave
Lair:2:   layout_cave_pods, minmay_shoals_entry_hut,
          minmay_snake_entry_guardpost_large, minmay_hedge_maze, st_stairs_3,
          beast_lair_carwin_4, uniq_gastronok

Skill      XL: |  1  2  3  4  5  6  7  8  9 10 11 |
---------------+----------------------------------+-----
Stealth        | 2 3 4 5 6 |  6.8
Dodging        | 2 3 4 5 6 |  6.3
Evocations     | 1 2 3 4 5 6 |  6.4
Short Blades   | 1 |  1.7
Necromancy     | 5 6 7 8 |  8.5
Air Magic      | 1 2 3 4 5 |  5.6
Spellcasting   | 3 4 5 6 |  6.5
Maces & Flails | 1 2 4 5 7 8 |  8.1

Action                   |  1- 3 |  4- 6 |  7- 9 | 10-12 || total
-------------------------+-------+-------+-------+-------++-------
Melee: Dagger            |    12 |    13 |       |       ||    25
       Kick              |     4 |     5 |    35 |    61 ||   105
       Tailslap          |     2 |     2 |    18 |    29 ||    51
       Headbutt          |     1 |     3 |    16 |    38 ||    58
       Whip              |       |    15 |   110 |   199 ||   324
       Punch             |       |       |     2 |     2 ||     4
Throw: Dart              |       |       |       |     2 ||     2
 Cast: Necrotise         |    65 |    75 |    55 |    41 ||   236
       Animate Dead      |       |       |     3 |    17 ||    20
       Vampiric Draining |       |       |     2 |     1 ||     3
       Mephitic Cloud    |       |       |       |    13 ||    13
       Magic Dart        |       |       |       |     1 ||     1
       Call Imp          |       |       |       |     3 ||     3
  Use: Potion            |     2 |       |     2 |     7 ||    11
       Scroll            |     1 |     5 |     3 |    11 ||    20
 Stab: Sleeping          |     1 |     5 |     1 |     4 ||    11
       Confused          |       |       |       |     9 ||     9
       Distracted        |       |       |       |     2 ||     2
Armor: Robe              |     6 |     2 |     6 |    21 ||    35
Dodge: Dodged            |    14 |    18 |    55 |   149 ||   236
